Map: Fields of Death

Players

Grumm

  • Race: Zerg Zerg
  • League: Gold

Buzzkill

  • Race: Zerg Zerg

Bowman - Winner!

  • Race: Zerg Zerg
  • League: Diamond

aLeJ - Winner!

  • Race: Protoss Protoss

VOD

Have the link to the VOD?

Description

Time

  • Played on: Jan. 11, 2016, 1:38 a.m.
  • Length: 11:27
Show
View Real Time Build Order
Export as new Build Order

Grumm Zerg 

Build Orders: Pool First, Roach Nydus 

Get SALT Encoding   

  12  0:01  Drone  
  13  0:08  Drone  
  14  0:18  Overlord  
  14  0:22  Extractor  
  14  0:24  Drone  
  15  0:40  Spawning Pool  
  15  0:41  Drone  
  15  0:57  Drone x3  
  15  1:02  Extractor  
  17  1:05  Extractor  
  17  1:10  Overlord  
  16  1:26  Drone  
  16  1:27  Queen  
  19  1:34  Drone  
  20  1:43  Drone, Roach Warren  
  20  2:00  Overlord  
  20  2:07  Lair  
  20  2:16  Drone  
  20  2:17  Evolution Chamber  
  20  2:26  Roach  
  22  2:31  Drone  
  23  2:45  Drone x3  
  26  2:52  Drone  
  27  3:05  Nydus Network  
  27  3:12  Roach x2  
  30  3:30  Roach x2  
  34  3:54  Nydus Canal  
  34  3:57  Zergling x2  
  34  3:58  Zergling x2  
  34  4:02  Zergling x4  
  38  4:04  Overlord  
  38  4:05  Overlord  
  38  4:07  Glial Reconstitution  
  38  4:26  Drone x2  
  27  4:46  Roach x3  
  32  4:55  Nydus Canal  
  32  4:59  Zergling x2  
  33  5:09  Zergling x2  
  34  5:21  Zergling x2  
  35  5:23  Hatchery  
  30  5:28  Nydus Canal  
  30  5:30  Zergling x2  
  29  5:45  Hatchery  
  29  5:49  Zergling x4  
  31  5:50  Zergling x2  
  29  5:59  Zergling x2  
  30  6:05  Hydralisk Den  
  29  6:11  Drone  
  29  6:12  Drone x3  
  33  6:36  Drone  
  33  6:37  Drone x2  
  36  6:43  Queen  
  36  6:44  Drone x2  
  36  6:45  Drone  
  41  6:51  Overlord  
  41  6:52  Overlord  
  41  6:56  Muscular Augments  
  41  7:02  Drone x2  
  43  7:12  Roach  
  43  7:13  Roach x2  
  49  7:17  Hydralisk  
  49  7:19  Drone  
  52  7:42  Hydralisk x5  
  62  7:56  Pneumatized Carapace  
  62  8:01  Overseer  
  62  8:02  Hydralisk  
  62  8:03  Hydralisk  
  66  8:07  Zerg Missile Weapons Level 1  
  66  8:12  Overlord x3  
  66  8:15  Extractor  
  66  8:18  Extractor  
  64  8:35  Overseer  
  64  8:36  Hydralisk x3  
  70  8:59  Nydus Canal  
  70  9:01  Hydralisk x4  
  78  9:11  Hydralisk  
  78  9:12  Hydralisk  
  73  9:30  Hydralisk x2  
  73  9:44  Drone x8  
  81  10:01  Nydus Canal  
  81  10:13  Zergling x6  
  78  10:26  Zergling x4  
  75  10:42  Roach  
  46  11:04  Drone  
Show
View Real Time Build Order
Export as new Build Order

Buzzkill Zerg 

Build Orders: Hatch First, Muta Ling Bane 

Get SALT Encoding   

  12  0:01  Drone  
  13  0:12  Overlord  
  13  0:18  Drone  
  14  0:31  Drone x2  
  16  0:37  Drone  
  17  0:57  Hatchery  
  17  1:03  Drone x2, Extractor  
  17  1:17  Spawning Pool  
  17  1:25  Drone  
  17  1:44  Drone x3  
  20  1:58  Hatchery  
  19  2:06  Zergling x4  
  21  2:16  Queen  
  21  2:22  Drone  
  24  2:31  Drone  
  25  2:39  Queen  
  27  2:46  Metabolic Boost  
  27  2:51  Spore Crawler  
  27  2:57  Spore Crawler  
  25  3:02  Drone  
  25  3:04  Drone  
  27  3:20  Queen  
  27  3:21  Drone x2  
  31  3:30  Lair  
  31  3:33  Drone  
  32  3:38  Drone  
  33  3:42  Overlord  
  33  3:45  Drone  
  34  4:06  Drone  
  34  4:07  Drone x7  
  42  4:11  Extractor  
  42  4:13  Extractor  
  42  4:14  Extractor  
  42  4:16  Spore Crawler  
  38  4:19  Drone x2  
  38  4:20  Drone  
  41  4:38  Spire  
  40  4:39  Drone x2  
  40  4:42  Overlord  
  42  4:59  Baneling Nest  
  41  5:09  Drone x9  
  41  5:12  Overlord  
  50  5:24  Overlord  
  48  5:34  Drone x3  
  51  5:38  Overlord  
  51  5:43  Centrifical Hooks  
  51  5:50  Spore Crawler  
  51  5:51  Zerg Flyer Armor Level 1  
  50  5:59  Drone  
  50  6:00  Drone x7  
  58  6:07  Evolution Chamber  
  58  6:08  Drone x2  
  58  6:09  Evolution Chamber  
  58  6:16  Queen  
  58  6:17  Overlord  
  60  6:19  Drone  
  60  6:21  Drone  
  60  6:22  Drone  
  60  6:25  Drone  
  64  6:26  Drone  
  64  6:27  Drone  
  66  6:36  Zerg Ground Armor Level 1, Zerg Melee Weapons Level 1  
  66  6:41  Drone x2  
  68  6:50  Pneumatized Carapace  
  68  6:58  Mutalisk  
  68  6:59  Mutalisk x6  
  82  7:13  Overlord x2  
  78  7:44  Zergling x2  
  78  7:45  Zergling x38  
  78  7:48  Overlord x2  
  98  7:54  Extractor  
  98  7:55  Extractor  
  94  8:23  Drone x12  
  94  8:24  Drone x4  
  110  8:32  Zerg Melee Weapons Level 2  
  110  8:33  Zerg Ground Armor Level 2  
  110  8:37  Hatchery  
  110  8:38  Zerg Flyer Armor Level 2, Extractor  
  108  8:41  Extractor  
  97  9:05  Mutalisk  
  97  9:06  Mutalisk x10  
  112  9:13  Overseer  
  112  9:17  Zergling x2  
  112  9:18  Zergling x2  
  112  9:21  Overlord x11  
  114  9:43  Zergling x14  
  114  9:44  Zergling x4  
  123  9:47  Baneling  
  123  9:48  Baneling x3  
  123  9:56  Corruptor x4  
  123  9:57  Corruptor x3  
  111  10:24  Zergling x2  
  111  10:25  Zergling x32  
Show
View Real Time Build Order
Export as new Build Order

Bowman Zerg - Winner!

Build Orders: Hatch First 

Get SALT Encoding   

  12  0:03  Drone  
  13  0:08  Drone  
  14  0:21  Overlord  
  14  0:25  Extractor  
  14  0:26  Drone  
  14  0:30  Drone, Extractor  
  15  0:40  Drone  
  17  0:50  Drone  
  18  1:02  Hatchery  
  17  1:10  Spawning Pool  
  16  1:13  Extractor  
  15  1:19  Drone  
  15  1:20  Drone  
  15  1:23  Drone  
  18  1:30  Drone  
  19  1:43  Overlord  
  19  2:04  Queen, Roach Warren  
  19  2:07  Drone x2  
  22  2:13  Queen  
  24  2:15  Drone  
  25  2:45  Drone  
  25  2:46  Drone x4  
  25  2:50  Drone  
  31  3:05  Overlord  
  31  3:06  Overlord  
  31  3:11  Evolution Chamber  
  30  3:27  Hatchery  
  29  3:30  Drone  
  29  3:31  Drone x8  
  38  3:41  Roach x2  
  38  3:44  Zerg Missile Weapons Level 1  
  38  3:46  Roach  
  44  3:50  Roach  
  44  3:51  Roach  
  48  4:01  Roach x2  
  52  4:04  Overlord x2  
  52  4:30  Roach x3  
  56  4:32  Roach x2  
  56  4:38  Roach x3  
  64  4:45  Roach  
  64  4:49  Queen x2  
  66  4:59  Drone x2  
  68  5:01  Extractor  
  68  5:02  Extractor  
  68  5:03  Drone, Extractor  
  68  5:04  Drone x3  
  69  5:11  Drone x3  
  69  5:13  Overlord x2  
  71  5:33  Lair  
  71  5:42  Drone x2  
  73  5:43  Drone x5  
  78  5:58  Extractor  
  78  5:59  Extractor  
  78  6:01  Ravager x2  
  78  6:09  Drone x6  
  78  6:10  Drone  
  85  6:13  Ravager  
  86  6:23  Ravager  
  87  6:30  Drone  
  87  6:31  Drone x2  
  87  6:32  Overlord x2  
  90  6:33  Overlord x5  
  90  6:44  Glial Reconstitution  
  90  6:45  Zerg Missile Weapons Level 2  
  90  7:02  Roach  
  90  7:03  Roach x7  
  90  7:08  Hydralisk Den  
  105  7:24  Roach  
  105  7:25  Roach x6  
  119  7:30  Roach  
  119  7:31  Roach x12  
  119  7:32  Overlord x2  
  145  7:47  Muscular Augments  
  145  7:53  Evolution Chamber, Hydralisk x4  
  145  7:54  Hydralisk  
  154  8:04  Hydralisk x3  
  160  8:07  Overlord x2  
  160  8:11  Spore Crawler  
  159  8:14  Spore Crawler  
  159  8:17  Spore Crawler  
  157  8:24  Spore Crawler  
  157  8:25  Spore Crawler  
  155  8:27  Spore Crawler  
  155  8:31  Zerg Ground Armor Level 1  
  154  8:34  Hydralisk  
  154  8:35  Hydralisk  
  158  8:49  Pneumatized Carapace  
  158  8:50  Hydralisk  
  158  8:51  Hydralisk x2  
  164  9:15  Hydralisk  
  164  9:16  Hydralisk x5  
  164  9:17  Hydralisk  
  174  9:18  Overlord  
  178  9:50  Infestation Pit  
  178  9:51  Hydralisk x4  
  183  10:24  Hydralisk x3  
  183  10:25  Hydralisk  
  159  10:43  Hydralisk x2  
  159  10:44  Hydralisk x10  
Show
View Real Time Build Order
Export as new Build Order

aLeJ Protoss - Winner!

Build Orders:  

Get SALT Encoding   

  12  0:02  Probe (Chrono Boost)  
  13  0:13  Pylon  
  13  0:17  Probe (Chrono Boost)  
  14  0:27  Probe (Chrono Boost)  
  15  0:38  Probe (Chrono Boost)  
  15  0:40  Gateway  
  16  0:48  Probe (Chrono Boost)  
  17  0:50  Pylon  
  17  0:59  Assimilator, Probe (Chrono Boost)  
  18  1:10  Assimilator  
  19  1:11  Probe (Chrono Boost)  
  19  1:22  Probe (Chrono Boost)  
  20  1:28  Cybernetics Core  
  20  1:32  Probe (Chrono Boost)  
  21  1:43  Probe (Chrono Boost)  
  22  1:53  Probe (Chrono Boost)  
  23  2:04  Probe (Chrono Boost)  
  24  2:09  Stargate, Pylon  
  24  2:14  Probe (Chrono Boost)  
  25  2:25  Probe (Chrono Boost)  
  26  2:35  Probe (Chrono Boost)  
  27  2:41  Zealot (Chrono Boost)  
  27  2:43  Warp Gate (Chrono Boost)  
  29  2:47  Probe  
  30  2:53  Pylon  
  30  2:59  Probe  
  31  3:06  Nexus  
  31  3:11  Void Ray (Chrono Boost)  
  35  3:16  Probe  
  36  3:25  Zealot  
  37  3:35  Pylon  
  37  3:39  Probe  
  38  3:53  Mothership Core  
  40  3:58  Pylon  
  40  4:09  Pylon  
  40  4:14  Pylon, Probe  
  41  4:23  Probe  
  41  4:26  Probe  
  41  4:29  Forge  
  43  4:32  Stargate  
  43  4:33  Probe  
  43  4:35  Stargate  
  44  4:42  Void Ray (Chrono Boost)  
  48  4:46  Probe  
  48  4:48  Probe  
  50  5:02  Protoss Air Weapons Level 1  
  50  5:03  Protoss Shields Level 1 (Chrono Boost)  
  50  5:06  Probe x2  
  52  5:16  Assimilator  
  52  5:17  Assimilator  
  52  5:18  Probe x2  
  51  5:37  Probe x2  
  57  5:50  Void Ray (Chrono Boost)  
  58  5:57  Probe x2  
  59  6:12  Void Ray (Chrono Boost)  
  59  6:16  Nexus  
  59  6:17  Pylon  
  63  6:21  Assimilator  
  67  6:26  Assimilator, Void Ray (Chrono Boost)  
  67  6:30  Pylon  
  67  6:31  Pylon  
  67  6:33  Pylon, Probe x2  
  67  6:35  Pylon  
  69  6:52  Probe x2  
  71  7:00  Void Ray (Chrono Boost)  
  79  7:04  Probe x2  
  79  7:06  Void Ray (Chrono Boost)  
  85  7:16  Photon Cannon  
  85  7:19  Void Ray (Chrono Boost)  
  85  7:20  Photon Cannon  
  81  7:38  Void Ray (Chrono Boost)  
  83  7:47  Phoenix (Chrono Boost)  
  77  7:57  Probe x2  
  81  7:59  Phoenix (Chrono Boost)  
  81  8:04  Stargate  
  81  8:09  Photon Cannon x2  
  81  8:12  Phoenix (Chrono Boost)  
  83  8:13  Photon Cannon  
  83  8:15  Stargate  
  75  8:23  Phoenix (Chrono Boost)  
  75  8:26  Phoenix (Chrono Boost)  
  79  8:37  Stargate  
  79  8:38  Pylon  
  79  8:40  Pylon  
  79  8:45  Pylon  
  79  8:49  Phoenix (Chrono Boost)  
  79  8:51  Phoenix (Chrono Boost)  
  83  9:02  Probe x3 (Chrono Boost)  
  86  9:13  Probe x3 (Chrono Boost)  
  86  9:16  Phoenix  
  91  9:17  Phoenix x4  
  99  9:31  Void Ray  
  103  9:52  Void Ray x3 (Chrono Boost)  
  115  10:07  Void Ray (Chrono Boost)  
  119  10:20  Phoenix (Chrono Boost)  
  123  10:23  Phoenix (Chrono Boost)  
  123  10:24  Probe  
  123  10:26  Probe x2  
  126  10:35  Probe  
  128  10:37  Phoenix (Chrono Boost)  
  128  10:40  Phoenix (Chrono Boost)  
  128  10:41  Phoenix (Chrono Boost)  
  133  10:46  Pylon, Nexus  
  133  10:48  Pylon  
  133  10:50  Photon Cannon  
  133  10:51  Photon Cannon  
  133  10:56  Photon Cannon  
  133  10:57  Photon Cannon  
Tags
 
Add a new tag
Caveats
  • Supply blocks, unpowered buildings, or Contaminate may cause inaccurate times.
  • Supply counts are checked every 10 seconds.